 Dungeon Crawl Stone Soup version 0.30-a0-743-gbfdf073431 (webtiles) character file.

Game seed: 1779110443626147295

1068 Lavandula the Slicer (level 8, -5/58 HPs)
             Began as a Human Monk on Feb 6, 2023.
             Slain by an orc
             ... wielding a +0 trident
              (6 damage)
             ... on level 5 of the Dungeon.
             The game lasted 00:08:27 (3974 turns).

Lavandula the Slicer (Human Monk)                   Turns: 3974, Time: 00:08:27

Health: -5/58      AC:  9    Str: 14    XL:     8   Next: 53%
Magic:  8/8        EV: 11    Int: 10    God:
Gold:   140        SH:  0    Dex: 16    Spells: 7/7 levels left

rFire   . . .      SeeInvis .    c - +2 dagger (venom)
rCold   . . .      Faith    .    (no shield)
rNeg    . . .      Spirit   .    h - +0 ring mail
rPois   .          Reflect  .    l - +2 helmet
rElec   .          Harm     .    t - +0 cloak
rCorr   .          Rampage  .    (no gloves)
Will    .....                    (no boots)
Stlth   +                        d - amulet of the acrobat
HPRegen 0.29/turn                (no ring)
MPRegen 0.11/turn                (no ring)

@: no status effects
A: no striking features
a: no special abilities


You were on level 5 of the Dungeon.
You visited 1 branch of the dungeon, and saw 5 of its levels.

You collected 140 gold pieces.

Inventory:

Hand Weapons
 a - a +0 falchion
 c - a +2 dagger of venom (weapon)
 g - a +0 dagger of electrocution
Missiles
 j - 6 poisoned darts (quivered)
 o - a throwing net
Armour
 b - a +0 robe
 h - a +0 ring mail (worn)
 l - a +2 helmet (worn)
 t - a +0 cloak (worn)
Jewellery
 d - an amulet of the acrobat (around neck)
Scrolls
 u - a scroll of enchant armour
Potions
 f - 2 potions of might {unknown}
 m - 3 potions of curing {unknown}
 n - 3 potions of brilliance {unknown}
 p - a potion of cancellation {unknown}
 q - a potion of haste {unknown}
 r - 3 potions of flight {unknown}
 s - a potion of attraction {unknown}


   Skills:
 - Level 3.0 Fighting
 + Level 9.0(9.4) Short Blades
 - Level 3.9(7.0) Long Blades
 - Level 3.0 Dodging
 - Level 2.0 Stealth


You had 7 spell levels left.
You didn't know any spells.
Your spell library contained the following spells:

 Spells                   Type           Power      Damage    Failure   Level
 Shock                    Conj/Air       0%         1d3       61%         1
 Swiftness                Air            0%         N/A       93%         3
 Airstrike                Air            0%         2d(0-16)  100%        4


Dungeon Overview and Level Annotations

Branches:
Dungeon (5/15)
 Temple: D:4-7

Altars:
Gozag
Sif Muna
The Shining One

Shops:
D:5 [


Message History

The boomerang hits you but does no damage.
The orc priest invokes the aid of Beogh against you.
You struggle to resist.
The orc wizard closely misses you.
You bump into the rock wall.
The orc barely misses you. The orc wizard misses you.
The orc priest hits you with a +0 falchion.
You hit the orc wizard.
The orc wizard is poisoned.
The orc wizard is severely wounded.
You feel less invigorated.
You feel less confused. The orc barely misses you.
The orc priest hits you with a +0 falchion.
The orc wizard hits you with a +0 long sword.
The orc priest looks more healthy.
You kill the orc wizard!
The orc priest mumbles some strange prayers to Beogh against you.
Beogh smites you!
* * * LOW HITPOINT WARNING * * *
The orc misses you.
You see here a black bear corpse.
You hit the orc priest but do no damage.
The orc priest is poisoned.
The orc priest is moderately wounded.
The orc hits you but does no damage. The orc priest barely misses you.
You hit the orc priest.
The orc priest is severely wounded.
You barely miss the orc priest.
The orc priest is severely wounded.
The orc hits you with a +0 trident.
* * * LOW HITPOINT WARNING * * *
The orc priest hits you but does no damage.
You closely miss the orc priest.
The orc priest is severely wounded.
You closely miss the orc priest.
The orc priest is severely wounded.
The orc priest invokes the aid of Beogh against you.
Beogh smites you!
* * * LOW HITPOINT WARNING * * *
The orc hits you with a +0 trident.
You die...

#.....#...)..#..# .# .#
#..........#.#..#####o#..#
#..........#.#..##..o.#..#
##..........#.#..##....o..#
.+....###'###.#.. .......>#
.#....##...##.#.# #..[##..#
......##.#.##.#.# #†......#
.#....##.#.##.#o###....#..#
.#...###.#.####.@o........#
##..####.#.## #))......##.#
##
######..#..####.........<#...
###
##..###..####....#.##.....
..###....#....###.........#..
..##...........#####.#.####
..#######.###### #.#....# ..#
#._.#### ##.####.# ..#
##.###.# #.......#


You could see an orc priest (very poisoned) and an orc.

Vanquished Creatures
  2 black bears (D:5)
  An ice beast (D:5)
  A phantom (D:5)
  2 scorpions
  A necrophage (D:5)
  2 orc priests
  4 hounds
  3 orc wizards (D:5)
  Robin (D:2)
  8 gnolls
  8 adders
  2 worms (D:2)
  3 dart slugs
  14 orcs
  A bat (D:3)
  7 endoplasms
  2 giant cockroaches
  10 goblins
  13 hobgoblins
  5 jackals
  5 kobolds
  5 quokkas
  7 ball pythons
  3 frilled lizards
  5 rats
115 creatures vanquished.

Notes
Turn   | Place    | Note
-------+----------+-------------------------------------------
     0 | D:1      | Lavandula the Human Monk began the quest for the Orb.
     0 | D:1      | Reached XP level 1. HP: 18/18 MP: 1/1
    88 | D:1      | Reached XP level 2. HP: 11/24 MP: 2/2
   634 | D:2      | Reached XP level 3. HP: 29/29 MP: 3/3
   673 | D:2      | Found a shimmering blue altar of Sif Muna.
   689 | D:2      | Reached skill level 1 in Short Blades
   743 | D:2      | Reached skill level 2 in Short Blades
   743 | D:2      | Reached XP level 4. HP: 28/35 MP: 4/4
   851 | D:1      | Reached skill level 3 in Short Blades
  1004 | D:2      | Reached XP level 5. HP: 16/41 MP: 5/5
  1112 | D:2      | Noticed Robin
  1167 | D:2      | Killed Robin
  1267 | D:2      | Reached skill level 4 in Short Blades
  1755 | D:2      | Reached XP level 6. HP: 32/47 MP: 6/6
  2059 | D:3      | You fall into a shaft and drop 2 floors!
  2059 | D:5      | Entered Level 5 of the Dungeon
  2060 | D:5      | Noticed a black bear
  2072 | D:5      | Killed a black bear
  2073 | D:5      | Reached skill level 5 in Short Blades
  2243 | D:5      | Found Kimuhi's Armour Boutique.
  2285 | D:5      | Found a glowing golden altar of the Shining One.
  2413 | D:4      | Reached skill level 6 in Short Blades
  2413 | D:4      | Reached XP level 7. HP: 41/52 MP: 7/7
  2563 | D:4      | Found an opulent altar of Gozag.
  3187 | D:4      | Reached skill level 7 in Short Blades
  3419 | D:5      | Reached XP level 8. HP: 58/58 MP: 8/8
  3501 | D:5      | Reached skill level 8 in Short Blades
  3941 | D:5      | Identified the +3 fire dragon scales of Hedging {rF++ rC-
                  | Will- Dex+5}
  3963 | D:5      | Reached skill level 9 in Short Blades
  3974 | D:5      | HP: 1/58 [orc priest/divine providence (11)]
  3974 | D:5      | Slain by an orc

Illustrated notes

Levels and vault maps discovered:
D:1:      dpeg_arrival_boxes_within_box, layout_basic,
          minmay_misc_feat_diagonals
D:2:      layout_loops_ring, basic_altar, uniq_robin
D:3:      layout_rooms
D:4:      layout_loops_cross, mainiacjoe_overflow_catwalk, corexii_checkpoint_a,
          nrook_mini_vaults, minmay_cupped
D:5:      minmay_recursive_quarters, layout_basic,
          nicolae_tso_swordbearing_angel, temple_green, serial_shops, shop,
          minmay_misc_feat_pillars

Skill      XL: |  1  2  3  4  5  6  7  8 |
---------------+-------------------------+-----
Short Blades   | 2 3 4 6 7 9 |  9.0
Fighting       | |  3.0
Long Blades    | |  3.9
Dodging        | |  3.0
Stealth        | |  2.0

Action                     |  1- 3 |  4- 6 |  7- 9 || total
---------------------------+-------+-------+-------++-------
  Melee: Falchion          |    36 |       |       ||    36
         Punch             |     1 |     2 |     6 ||     9
         Dagger            |    25 |   194 |   238 ||   457
    Use: Potion            |     1 |       |     2 ||     3
         Scroll            |       |     4 |     6 ||    10
   Stab: Sleeping          |     2 |       |       ||     2
 Armour: Robe              |     3 |       |       ||     3
         Ring mail         |    13 |    62 |    65 ||   140
  Dodge: Dodged            |    45 |   114 |   133 ||   292

Table legend: (Time is in decaauts)
 A = Elapsed time spent in this place.
 B = Non-inter-level travel time spent in this place.
 C = Inter-level travel time spent in this place.
 D = Time resting spent in this place.
 E = Time spent auto-exploring this place.
 F = Levels seen in this place.
 G = Mean time per level.
                   A        B        C        D        E       F      G
               +--------+--------+--------+--------+--------+-----+--------+
         Total |   3833 |   3722 |    111 |    535 |   2175 |   5 |  766.6 |
       Dungeon |   3833 |   3722 |    111 |    535 |   2175 |   5 |  766.6 |
               +--------+--------+--------+--------+--------+-----+--------+

Top non-repeatable levels by time:
     D:2: 1227 daAuts
     D:5: 742 daAuts
     D:4: 710 daAuts
     D:1: 706 daAuts
     D:3: 446 daAuts
